 Dungeon Crawl Stone Soup version 0.30.1-3-gfc49f6343a (webtiles) character file.

Game seed: 11693464287052267525

79 shmup the Firebug (level 4, -4/24 HPs)
             Began as a Tengu Fire Elementalist on July 22, 2023.
             Was an Initiate of Sif Muna.
             Killed from afar by an orc wizard (7 damage)
             ... with a magic dart
             ... on level 3 of the Dungeon.
             The game lasted 00:03:35 (1649 turns).

shmup the Firebug (Tengu Fire Elementalist)         Turns: 1649, Time: 00:03:35

Health: -4/24      AC:  2    Str:  8    XL:     4   Next: 37%
Magic:  1/8        EV: 12    Int: 17    God:    Sif Muna [......]
Gold:   8          SH:  0    Dex: 15    Spells: 4/7 levels left

rFire   . . .        f - +0 dagger
rCold   . . .        (no shield)
rNeg    . . .        a - +0 robe
rPois   .            (helmet restricted)
rElec   .            (no cloak)
rCorr   +            (no gloves)
SInv    .            (boots unavailable)
Will    .....        (no amulet)
Stlth   ++           m - ring of resist corrosion
HPRegen 0.24/turn    (no ring)
MPRegen 0.11/turn

%: no passive effects
@: no status effects
A: beak, talons 3
a: Renounce Religion


You were on level 3 of the Dungeon.
You worshipped Sif Muna.
Sif Muna was noncommittal.
You visited 1 branch of the dungeon, and saw 3 of its levels.

You collected 8 gold pieces.

Inventory:

Hand Weapons
 f - a +0 dagger (weapon)
Missiles
 d - 4 stones (quivered)
 i - 10 poisoned darts
Armour
 a - a +0 robe (worn)
Jewellery
 m - a ring of resist corrosion (left hand)
 o - a +6 ring of strength
Scrolls
 e - a scroll of silence {unknown}
 g - 2 scrolls of identify {unknown}
 h - a scroll of enchant armour {unknown}
 j - a scroll of noise {unknown}
 k - a scroll of immolation
 n - a scroll of teleportation {unknown}
Potions
 b - a potion of magic
 c - 2 potions of lignification {unknown}
 l - a potion of flight {unknown}
 p - a potion of mutation {unknown}
 q - a potion of curing {unknown}


   Skills:
 - Level 2.1 Dodging
 - Level 2.0 Stealth
 - Level 2.0 Spellcasting
 + Level 3.2 Conjurations
 * Level 4.9 Fire Magic


You had 4 spell levels left.
You knew the following spells:

 Your Spells              Type           Power      Damage    Failure   Level
a - Foxfire               Conj/Fire      60%        2x1d7     3%          1
b - Scorch                Fire           36%        2d6       3%          2

Your spell library contained the following spells:

 Spells                   Type           Power      Damage    Failure   Level
 Inner Flame              Hex/Fire       10%        N/A       22%         3
 Volatile Blastmotes      Fire/Tloc      20%        2d11      22%         3
 Cigotuvi's Dreadful Rot  Necr/Pois/Air  2%         N/A       28%         2
 Ignite Poison            Fire/Tmut/Pois 7%         N/A       30%         3
 Flame Wave               Conj/Fire      15%        2d7       34%         4
 Freezing Cloud           Conj/Ice/Air   2%         6-21      98%         5


Dungeon Overview and Level Annotations

Branches:
Dungeon (3/15)

Altars:
Sif Muna


Innate Abilities, Weirdness & Mutations

You have a beak for a mouth.
You have claws for feet.


Message History

Confirm with . or Enter, or press ? or * to list all spells.
You don't have enough magic to cast this spell.
You hit the orc wizard but do no damage.
The orc wizard is heavily wounded.
The orc wizard hits you with a +0 dagger.
You hit the orc wizard but do no damage.
You claw the orc wizard.
The orc wizard is severely wounded.
The orc wizard barely misses you.
Casting: Scorch (safe; 3% risk of failure)
Confirm with . or Enter, or press ? or * to list all spells.
You conjure some foxfire!
The orc wizard hits you with a +0 dagger.
An orc comes into view. It is wielding a +0 hand axe.
The orc wizard hits you with a +0 dagger.
* * * LOW HITPOINT WARNING * * *
You hit the orc but do no damage. You claw the orc.
The orc is heavily wounded.
The orc wizard is no longer more vulnerable to fire.
The orc misses you. The orc wizard barely misses you.
You closely miss the orc.
The orc is heavily wounded.
The orc hits you with a +0 hand axe.
* * * LOW HITPOINT WARNING * * *
The orc wizard hits you but does no damage.
You barely miss the orc wizard. You peck the orc wizard.
The orc wizard is almost dead.
The orc wizard closely misses you. The orc hits you with a +0 hand axe.
* * * LOW HITPOINT WARNING * * *
You hit the orc wizard but do no damage.
Your kick misses the orc wizard.
The orc wizard is almost dead.
The orc hits you with a +0 hand axe!
* * * LOW HITPOINT WARNING * * *
The orc wizard closely misses you.
You hit the orc. Your kick misses the orc.
The orc is heavily wounded.
The orc wizard gestures at you while chanting.
The magic dart hits you!
You die...

▒▒▒▒▒
▒oo.▒
▒Q▒v▒
▒▒▒▒▒.▒.▒
▒<....▒.▒
▒▒▒▒▒▒▒o▒
.▒ ▒▒


You could see an orc wizard and an orc.

Vanquished Creatures
  Natasha (twice) (D:2)
  A worm (D:2)
  2 orcs (D:3)
  3 endoplasms
  4 goblins
  2 quokkas (D:1)
  A ball python (D:1)
  3 bats
  5 frilled lizards
  2 kobolds
  3 rats
28 creatures vanquished.

Vanquished Creatures (others)
  54 foxfires
54 creatures vanquished.

Grand Total: 82 creatures vanquished

Notes
Turn   | Place    | Note
-------+----------+-------------------------------------------
     0 | D:1      | shmup the Tengu Fire Elementalist began the quest for the
                  | Orb.
     0 | D:1      | Reached XP level 1. HP: 10/10 MP: 4/4
   183 | D:1      | Reached XP level 2. HP: 15/15 MP: 0/6
   422 | D:1      | Learned a level 2 spell: Scorch
   453 | D:1      | Found a faded altar of an unknown god.
   611 | D:2      | Reached skill level 4 in Fire Magic
   718 | D:2      | Reached XP level 3. HP: 19/19 MP: 0/7
  1042 | D:2      | Noticed Natasha
  1047 | D:2      | Killed Natasha
  1262 | D:2      | Noticed Natasha
  1269 | D:2      | Killed Natasha
  1270 | D:2      | Reached XP level 4. HP: 24/24 MP: 1/8
  1518 | D:2      | Found a shimmering blue altar of Sif Muna.
  1546 | D:2      | Became a worshipper of Sif Muna the Loreminder
  1649 | D:3      | Killed from afar by an orc wizard

Illustrated notes

Levels and vault maps discovered:
D:1:      eino_arrival_druids_welcome, layout_rooms,
          hellmonk_ecumenical_altar_blasted
D:2:      layout_loops_ring, basic_altar, uniq_natasha
D:3:      layout_basic, uniq_grinder

Skill      XL: |  1  2  3 |
---------------+----------+-----
Conjurations   | 2 3 |  3.2
Fire Magic     | 4 |  4.9
Dodging        | |  2.1
Stealth        | |  2.0
Spellcasting   | |  2.0

Action                     |  1- 3 |  4- 6 || total
---------------------------+-------+-------++-------
  Melee: Unarmed           |     1 |       ||     1
         Dagger            |     1 |     8 ||     9
         Kick              |     1 |     2 ||     3
         Peck              |       |     1 ||     1
   Cast: Foxfire           |    29 |     1 ||    30
         Scorch            |     9 |     4 ||    13
 Armour: Robe              |       |     1 ||     1
  Dodge: Dodged            |     3 |     6 ||     9
